Map: Remanso LE

Players

IagoAbreu

  • Race: Protoss Protoss
  • League: Silver
  • Spawn Location: 11:00

Vichooooooo - Winner!

  • Race: Protoss Protoss
  • League: Gold
  • Spawn Location: 5:00

VOD

Have the link to the VOD?

Description

Time

  • Played on: Feb. 23, 2018, 10:04 p.m.
  • Length: 18:45
Show
View Real Time Build Order
Export as new Build Order

IagoAbreu Protoss 

Build Orders:  

Get SALT Encoding   

  12  0:34  Probe (Chrono Boost)  
  14  0:43  Probe (Chrono Boost)  
  14  0:48  Probe (Chrono Boost)  
  15  0:58  Pylon  
  15  1:10  Assimilator  
  15  1:14  Assimilator  
  15  1:17  Pylon  
  15  1:22  Nexus  
  15  1:26  Probe (Chrono Boost)  
  16  1:35  Probe (Chrono Boost)  
  17  1:51  Probe  
  18  2:03  Probe  
  18  2:05  Forge  
  19  2:15  Probe  
  20  2:21  Nexus  
  20  2:27  Probe (Chrono Boost)  
  21  2:36  Probe (Chrono Boost)  
  23  2:38  Probe (Chrono Boost)  
  23  2:44  Probe (Chrono Boost)  
  24  2:53  Pylon  
  24  2:56  Probe  
  25  2:59  Protoss Shields Level 1 (Chrono Boost)  
  25  3:06  Probe  
  25  3:08  Probe  
  27  3:20  Probe  
  27  3:36  Probe (Chrono Boost)  
  27  3:40  Probe (Chrono Boost)  
  29  3:46  Probe (Chrono Boost)  
  29  3:47  Probe (Chrono Boost)  
  32  3:48  Probe (Chrono Boost)  
  32  3:51  Photon Cannon  
  32  3:52  Photon Cannon, Probe (Chrono Boost)  
  32  3:53  Probe (Chrono Boost)  
  32  3:54  Photon Cannon  
  34  4:05  Probe  
  34  4:07  Pylon  
  35  4:10  Pylon  
  35  4:14  Probe  
  36  4:17  Probe  
  37  4:27  Probe  
  37  4:29  Probe  
  39  4:39  Probe  
  40  4:46  Gateway  
  40  4:47  Gateway  
  40  4:50  Gateway x2  
  40  4:52  Gateway  
  40  4:55  Gateway  
  40  4:57  Gateway  
  40  5:00  Gateway  
  40  5:08  Gateway  
  40  5:09  Gateway  
  40  5:15  Pylon  
  40  5:18  Protoss Ground Weapons Level 1 (Chrono Boost)  
  40  5:22  Probe (Chrono Boost)  
  40  5:25  Probe (Chrono Boost)  
  42  5:32  Probe (Chrono Boost)  
  42  5:34  Probe (Chrono Boost)  
  44  5:37  Probe (Chrono Boost)  
  44  5:39  Probe (Chrono Boost)  
  46  5:44  Pylon  
  46  5:48  Probe  
  47  5:56  Pylon  
  47  6:00  Cybernetics Core  
  47  6:20  Pylon  
  47  6:30  Zealot x5  
  47  6:31  Zealot x5, Pylon  
  67  6:41  Warp Gate (Chrono Boost)  
  67  7:07  Zealot x5 (Chrono Boost)  
  87  7:09  Zealot x3 (Chrono Boost)  
  87  7:10  Zealot (Chrono Boost)  
  87  7:11  Zealot (Chrono Boost)  
  87  7:30  Adept (Chrono Boost)  
  87  7:31  Adept x4 (Chrono Boost)  
  107  7:37  Adept x3 (Chrono Boost)  
  107  7:38  Adept x2 (Chrono Boost)  
  87  8:12  Pylon  
  87  8:16  Pylon  
  87  8:19  Pylon  
  87  8:26  Twilight Council  
  85  9:03  Pylon  
  63  9:28  Pylon  
  63  9:29  Sentry  
  63  9:30  Sentry  
  53  9:31  Stalker x2  
  53  9:32  Stalker x2  
  53  9:33  Zealot x2  
  53  9:34  Zealot x2  
  47  9:53  Zealot x2  
  47  9:54  Zealot x6  
  47  9:55  Zealot x2  
  57  10:14  Stargate  
  57  10:16  Stargate  
  57  10:18  Stargate  
  57  10:20  Stargate  
  57  10:21  Stargate  
  47  10:24  Assimilator  
  47  10:28  Assimilator  
  47  10:42  Zealot  
  47  10:43  Zealot x6  
  47  10:44  Zealot x3  
  51  11:05  Void Ray x3 (Chrono Boost)  
  51  11:06  Void Ray x2 (Chrono Boost)  
  59  11:39  Void Ray x3 (Chrono Boost)  
  69  12:14  Void Ray  
  70  12:51  Void Ray (Chrono Boost)  
  54  12:59  Void Ray (Chrono Boost)  
  58  13:30  Zealot x6  
  58  13:31  Zealot x4  
  58  13:41  Nexus  
  37  14:06  Zealot x2  
  37  14:07  Zealot x6  
  45  14:15  Assimilator  
  45  14:19  Assimilator  
  45  14:41  Zealot x3 (Chrono Boost)  
  45  14:42  Zealot (Chrono Boost)  
  60  14:47  Zealot (Chrono Boost)  
  60  14:48  Zealot x3 (Chrono Boost)  
  60  14:49  Zealot x2 (Chrono Boost)  
  60  14:56  Pylon  
  60  14:57  Pylon  
  60  14:58  Pylon  
  60  14:59  Pylon  
  56  15:00  Zealot x4 (Chrono Boost)  
  65  15:07  Zealot, Probe (Chrono Boost)  
  65  15:08  Zealot  
  71  15:14  Zealot x4  
  71  15:16  Probe (Chrono Boost)  
  78  15:21  Probe (Chrono Boost)  
  78  15:26  Zealot x4  
  87  15:33  Probe  
  88  15:44  Stalker x3  
  94  15:57  Pylon  
  94  16:00  Pylon  
  94  16:14  Stalker x3  
  94  16:15  Probe  
  11  17:25  Forge  
  11  17:28  Probe (Chrono Boost)  
  13  17:38  Probe (Chrono Boost)  
  13  17:43  Probe (Chrono Boost)  
Show
View Real Time Build Order
Export as new Build Order

Vichooooooo Protoss - Winner!

Build Orders:  

Get SALT Encoding   

  12  0:03  Probe  
  13  0:15  Probe  
  14  0:21  Pylon  
  14  0:27  Probe  
  15  0:39  Probe  
  15  0:40  Gateway  
  16  0:46  Assimilator  
  16  0:52  Probe  
  16  0:54  Assimilator  
  17  1:06  Probe (Chrono Boost)  
  18  1:18  Probe (Chrono Boost)  
  19  1:26  Probe (Chrono Boost)  
  19  1:28  Cybernetics Core  
  20  1:33  Probe  
  21  1:47  Probe, Nexus  
  22  1:59  Probe (Chrono Boost)  
  22  2:00  Pylon  
  23  2:06  Warp Gate  
  23  2:17  Stalker  
  23  2:19  Probe (Chrono Boost)  
  26  2:31  Robotics Facility  
  26  2:48  Twilight Council  
  26  3:25  Probe  
  27  3:27  Gateway x2, Probe  
  28  3:35  Stalker  
  28  3:37  Probe (Chrono Boost)  
  28  3:39  Pylon  
  32  3:42  Pylon, Probe (Chrono Boost)  
  33  3:49  Pylon, Probe (Chrono Boost)  
  34  3:56  Probe x2 (Chrono Boost)  
  34  4:00  Blink  
  35  4:03  Probe  
  35  4:05  Robotics Facility  
  35  4:08  Observer  
  37  4:22  Probe  
  38  4:34  Probe  
  38  4:35  Assimilator  
  38  4:37  Zealot x3  
  45  4:40  Assimilator  
  45  4:46  Probe (Chrono Boost)  
  46  4:56  Pylon  
  46  4:58  Probe (Chrono Boost)  
  47  5:02  Pylon  
  47  5:04  Probe (Chrono Boost)  
  47  5:07  Forge, Probe (Chrono Boost)  
  48  5:11  Forge  
  49  5:16  Stalker  
  49  5:17  Zealot  
  49  5:19  Probe (Chrono Boost)  
  54  5:24  Probe (Chrono Boost)  
  55  5:34  Protoss Ground Weapons Level 1 (Chrono Boost)  
  55  5:35  Probe (Chrono Boost)  
  56  5:37  Forge  
  56  5:50  Protoss Ground Armor Level 1 (Chrono Boost)  
  56  5:56  Immortal  
  60  6:01  Stalker x2  
  60  6:02  Stalker  
  66  6:04  Charge  
  66  6:17  Gateway  
  66  6:20  Gateway  
  66  6:21  Gateway  
  66  6:22  Protoss Shields Level 1 (Chrono Boost)  
  66  6:25  Gateway  
  66  6:29  Gateway  
  66  6:44  Nexus  
  66  6:45  Observer  
  67  6:51  Stalker  
  67  6:52  Stalker  
  67  6:54  Stalker  
  73  6:58  Assimilator  
  73  7:02  Assimilator  
  73  7:07  Observer  
  74  7:13  Probe  
  75  7:16  Protoss Ground Weapons Level 2 (Chrono Boost)  
  75  7:25  Probe  
  76  7:37  Probe  
  76  7:40  Zealot  
  76  7:41  Zealot  
  76  7:42  Zealot  
  81  7:49  Probe  
  72  7:56  Probe  
  69  8:02  Immortal  
  69  8:04  Immortal  
  77  8:08  Probe  
  77  8:09  Zealot  
  77  8:10  Zealot x3  
  77  8:11  Zealot x2  
  77  8:12  Zealot  
  92  8:21  Probe  
  92  8:24  Pylon, Protoss Ground Armor Level 2 (Chrono Boost)  
  92  8:26  Pylon  
  93  8:32  Pylon  
  93  8:33  Protoss Shields Level 2 (Chrono Boost)  
  93  8:41  Pylon  
  93  8:44  Probe  
  94  8:56  Probe  
  94  9:08  Probe  
  82  9:21  Stalker x3  
  82  9:22  Stalker x2  
  82  9:23  Stalker x3  
  90  9:30  Probe  
  85  9:42  Probe  
  86  9:54  Probe  
  87  10:04  Stalker x2  
  87  10:05  Stalker x3  
  87  10:06  Stalker x2  
  87  10:07  Stalker, Probe  
  104  10:18  Immortal  
  106  10:23  Probe  
  106  10:28  Zealot x4  
  111  10:35  Probe  
  116  10:47  Probe  
  110  11:34  Stalker  
  110  11:35  Stalker x3  
  110  11:36  Stalker x2  
  110  11:37  Stalker  
  108  13:06  Pylon  
  108  13:07  Pylon  
  108  13:09  Pylon  
  108  13:12  Pylon  
  108  13:15  Pylon  
  108  13:17  Pylon  
  108  13:19  Pylon  
  108  13:21  Pylon  
  108  13:22  Pylon  
  108  13:25  Pylon  
  108  13:26  Probe (Chrono Boost)  
  109  13:27  Pylon  
  109  13:29  Pylon  
  109  13:32  Probe (Chrono Boost)  
  108  13:34  Stalker x2  
  108  13:35  Stalker x3  
  108  13:36  Stalker x3  
  108  13:40  Probe  
  125  13:52  Probe  
  118  14:16  Stalker x2  
  118  14:17  Stalker x3  
  124  14:18  Stalker x3  
  134  14:29  Pylon  
  134  15:02  Stalker  
  134  15:03  Stalker x2  
  134  15:04  Stalker x3  
  134  15:05  Stalker x2  
  150  15:31  Protoss Shields Level 3, Protoss Ground Armor Level 3  
  150  15:42  Pylon  
  150  15:46  Stalker x2  
  150  15:47  Stalker x3  
  150  15:48  Stalker x2  
  150  15:49  Stalker  
  166  16:10  Zealot x3  
  166  16:11  Zealot x3  
  174  16:12  Zealot x2  
  144  17:34  Nexus  
  144  17:42  Nexus  
  144  18:10  Nexus  
Tags
 
Matchup
PvP
Spawn Locations
Cross Positions
Add a new tag
Caveats
  • Supply blocks, unpowered buildings, or Contaminate may cause inaccurate times.
  • Supply counts are checked every 10 seconds.